 Dungeon Crawl Stone Soup version 0.31-a0-1236-gaa9e43cceb (webtiles) character file.

Game seed: 1546971534141085326

101777 EnegeticOcto the Black Belt (level 17, -7/180 HPs)
             Began as a Meteoran Shapeshifter on Dec 15, 2023.
             Was a High Priest of Nemelex Xobeh.
             Mangled by a demonic crawler (16 damage)
             ... on level 4 of the Spider Nest.
             The game lasted 01:16:03 (11197 turns).

EnegeticOcto the Black Belt (MeSh)                 Turns: 11197, Time: 01:16:04

Health: -7/180     AC: 11    Str: 23    XL:     17   Next: 38%
Magic:  27/27      EV: 16    Int: 12    God:    Nemelex Xobeh [*****.]
Gold:   799        SH:  0    Dex: 20    Spells: 10/28 levels left

rFire   + .          .
                       - Unarmed
rCold   . . .        i - melded +3 buckler
rNeg    . . .        d - melded +2 plate armour {rF+}
rPois   +            (helmet currently unavailable)
rElec   .            (cloak currently unavailable)
rCorr   .            (gloves currently unavailable)
SInv    .            (boots currently unavailable)
Will    +++..        S - amulet of Vitality {RegenMP++ Regen++}
Stlth   +            g - ring of willpower
HPRegen 2.10/turn    O - ring of protection from fire
MPRegen 1.00/turn

%: clarity
@: about to teleport, snake-form, spiked, on blink cooldown, glowing
A: constrict, boosted hp, large, sense surroundings 2, otherworldly, glowing,
explore regen, (iridescent scales 1), clarity, (cold resistance 1)
a: Begin Untransformation, Renounce Religion, Draw Escape, Draw Destruction,
Draw Summoning, Draw Stack, Triple Draw, Deal Four, Stack Five


You were on level 4 of the Spider Nest.
You worshipped Nemelex Xobeh.
Nemelex Xobeh was extremely pleased with you.
You were an enormous serpent.
You visited 4 branches of the dungeon, and saw 24 of its levels.
You also visited: Sewer and Ossuary.

You collected 3315 gold pieces.
You spent 2516 gold pieces at shops.

Inventory:

Hand Weapons
 b - a +1 dagger of venom
   (You took it off a goblin on level 2 of the Dungeon)
 K - a +2 glaive of draining
   (You took it off Maggie on level 6 of the Dungeon)
 Z - the +8 trident of the Octopus King {venom, rElec rPois}
   (You found it on level 5 of the Lair of Beasts)

   rElec:     It insulates you from electricity.
   rPois:     It protects you from poison
Missiles
 E - 3 throwing nets {!f}
Armour
 d - a +2 plate armour of fire resistance (melded)
   (You took it off an orc warrior on level 1 of the Orcish Mines)
 i - a +3 buckler (melded)
   (You found it on level 2 of the Dungeon)
 s - a +0 tower shield
   (You found it on level 3 of the Dungeon)
 L - +0 acid dragon scales
   (You took it off Maggie on level 6 of the Dungeon)
 M - a +1 helmet
   (You found it on level 8 of the Dungeon)
 P - a +1 cloak of poison resistance
   (You found it on level 9 of the Dungeon)
Magical Staves
 y - a staff of poison
   (You took it off a hobgoblin on level 4 of the Dungeon)
Jewellery
 g - a ring of willpower (left hand)
   (You found it on level 1 of the Dungeon)
 o - a ring of willpower
   (You found it on level 2 of the Dungeon)
 F - a ring of poison resistance
   (You found it on level 5 of the Dungeon)
 G - a ring of positive energy
   (You found it on level 8 of the Dungeon)
 O - a ring of protection from fire (right hand)
   (You found it on level 9 of the Dungeon)
 S - the amulet of Vitality (around neck) {RegenMP++ Regen++}
   (You bought it in a shop on level 5 of the Dungeon)

   [amulet of magic regeneration]

   RegenMP:   It increases your rate of magic regeneration.
   Regen++:   It increases your rate of health regeneration.
Talismans
 J - a serpent talisman (active)
   (You bought it in a shop on level 4 of the Dungeon)
Wands
 n - a wand of roots (15) {@v2}
   (You found it on level 2 of the Dungeon)
 D - a wand of mindburst (3)
   (You found it on level 5 of the Dungeon)
 Q - a wand of digging (22) {@v3}
   (You found it on level 10 of the Dungeon)
 T - a wand of charming (10)
   (You took it off Maurice on level 10 of the Dungeon)
 U - a wand of polymorph (4)
   (You found it on level 11 of the Dungeon)
 W - a wand of flame (7) {@v4}
   (You found it on level 1 of the Lair of Beasts)
Scrolls
 c - 2 scrolls of poison
 e - 4 scrolls of immolation
 f - a scroll of enchant armour
 h - a scroll of summoning
 j - a scroll of blinking {@r4}
 m - 5 scrolls of revelation {@r5 !r}
 p - 2 scrolls of fear {!r}
 q - 6 scrolls of vulnerability
 t - 3 scrolls of fog {!r}
 z - 10 scrolls of teleportation {@r3 !r}
 N - 2 scrolls of amnesia {unknown}
 R - a scroll of torment
 Y - a scroll of brand weapon {unknown}
Potions
 a - a potion of attraction
 k - 13 potions of curing {@q1 !q}
 l - a potion of enlightenment
 r - 7 potions of mutation
 u - 4 potions of ambrosia
 v - a potion of brilliance
 w - 4 potions of cancellation
 x - 5 potions of heal wounds {@q2 !q}
 A - 3 potions of lignification {@q6}
 B - 3 potions of magic
 C - 6 potions of might {@q3 !q}
 H - 2 potions of haste {unknown}
 I - 5 potions of resistance
 V - a potion of berserk rage {unknown}
Miscellaneous
 X - a lightning rod (2/4)
   (You found it on level 1 of the Lair of Beasts)


   Skills:
 + Level 13.6 Fighting
 - Level 3.5 Short Blades
 - Level 4.0 Armour
 + Level 10.3 Dodging
 - Level 4.0 Shields
 + Level 15.7 Unarmed Combat
 - Level 6.0 Spellcasting
 - Level 10.0 Translocations
 - Level 10.0 Air Magic
 - Level 13.0 Invocations
 - Level 5.0 Evocations
 + Level 13.1 Shapeshifting


You had 10 spell levels left.
You knew the following spells:

 Your Spells              Type           Power      Damage    Failure   Level
a - Apportation           Tloc           54%        N/A       1%          1
b - Lesser Beckoning      Tloc           54%        N/A       1%          2
c - Vhi's Electric Charg  Tloc/Air       54%        N/A       3%          4
d - Passage of Golubria   Tloc           27%        N/A       3%          4
e - Silence               Hex/Air        7%         N/A       54%         5
Y - Blink                 Tloc           54%        N/A       1%          2

Your spell library contained the following spells:

 Spells                   Type           Power      Damage    Failure   Level
 Momentum Strike          Conj/Tloc      30%        3d8       3%          2
 Poisonous Vapours        Pois/Air       30%        N/A       3%          2
 Volatile Blastmotes      Fire/Tloc      30%        2d12      7%          3
 Mephitic Cloud           Conj/Pois/Air  11%        N/A       14%         3
 Kiss of Death            Conj/Necr      12%        2d6       19%         1
 Necrotise                Necr           12%        1d4       19%         1
 Summon Small Mammal      Summ           12%        N/A       19%         1
 Confusing Touch          Hex            3%         N/A       47%         3
 Dazzling Flash           Conj/Hex       6%         N/A       47%         3
 Frozen Ramparts          Ice            6%         1d1       47%         3
 Arcjolt                  Conj/Air       7%         1d17      54%         5
 Freezing Cloud           Conj/Ice/Air   5%         6-21      78%         5
 Anguish                  Hex/Necr       1%         N/A       87%         4
 Cause Fear               Hex            1%         N/A       87%         4
 Dispel Undead            Necr           3%         3d7       87%         4
 Petrify                  Tmut/Erth      3%         N/A       87%         4
 Metabolic Englaciation   Hex/Ice        1%         N/A       99%         5
 Starburst                Conj/Fire      1%         6d3       100%        6
 Enfeeble                 Hex            1%         N/A       100%        7
 Lehudib's Crystal Spear  Conj/Erth      1%         10d2      100%        8
 Maxwell's Capacitive Co  Air            13%        ∞         100%        8


Dungeon Overview and Level Annotations

Branches:
Dungeon (13/15) Zot: 2147  Temple (0/1) D:5            Lair (5/5) D:9 Zot: 1128
  Swamp (0/4) Lair:3       Spider (4/4) Lair:2 Zot: 716     Orc (2/2) D:12 Zot: 288
    Elf (0/3) Orc:2        Vaults (0/5) D:13          Sewer (visited)
Ossuary (visited)
  Slime: Lair:4-5

Altars:
Kikubaaqudgha
Nemelex Xobeh

Shops:
D:3 [   D:4 =   D:5 =   D:11 ?   D:12 [   Orc:2 [?:?:

Annotations:
D:6 Prince Ribbit
D:10 2 runed translucent doors
D:13 1 transporter, Zesuymiq's ghost, journeyman DrSh
Lair:5 3 runed translucent doors, nitefall's ghost, journeyman MiBe


Innate Abilities, Weirdness & Mutations

You are an enormous serpent.
You have a powerful constriction melee attack.
Your maximum health is increased.
Your armour is entirely melded.
You are incapable of wielding weapons or throwing items.
You passively map the area around you.
You are easily found by Zot.
You glow in the dark.
You regain HP and MP as you explore.
((You are partially covered in iridescent scales. (AC +2)))
You possess an exceptional clarity of mind.
((Your flesh is cold resistant. (rC+)))


Message History

The demonic crawler closely misses your wind drake.
The steelbarb worm hits you but does no damage.
Your wind drake bites the demonic crawler but does no damage.
Something hits your catoblepas!!
Your catoblepas dies!
Your catoblepas's corpse disappears in a puff of smoke!
The demonic crawler hits your wind drake!
The demonic crawler misses your wind drake.
The demonic crawler barely misses your wind drake.
You hit the steelbarb worm but do no damage.
The steelbarb worm is lightly wounded.
You constrict the steelbarb worm! The steelbarb worm hits you!
Barbed spikes become lodged in your body.
Your wind drake bites the demonic crawler but does no damage.
The demonic crawler closely misses your wind drake.
The demonic crawler hits your wind drake!
The demonic crawler hits your wind drake!!
Your wind drake dies!
Your wind drake's corpse disappears in a puff of smoke!
The demonic crawler gives a hideous shriek!
Aiming: Charm
Press: ? - help, Shift-Dir - straight line, f - demonic crawler
Aim: a demonic crawler (berserk, chance to affect: 27%)
The demonic crawler easily resists.
You constrict the steelbarb worm.
The steelbarb worm hits you but does no damage.
The demonic crawler closely misses you. The demonic crawler hits you. x2
Your molten gargoyle hits the steelbarb worm with a +0 flail!
The steelbarb worm is engulfed in flames.
The steelbarb worm resists.
Casting: Vhi's Electric Charge (mildly dangerous; 3% risk of failure)
Confirm with . or Enter, or press ? or * to list all spells.
You blink.
You lose your grip on the steelbarb worm.
A moth of wrath comes into view.
Your molten gargoyle blasts magma at the steelbarb worm!
The bolt of magma hits the steelbarb worm!!
The steelbarb worm partially resists.
The moth of wrath moves out of view.
Unknown command.
Okay, then.
You draw a card...
You reveal a symbol of torment!
The steelbarb worm convulses!
The moth of wrath convulses!
The steelbarb worm convulses!
The moth of wrath convulses!
You have drawn Pain.
Press: ? - help, Shift-Dir - straight line, f - moth of wrath, p - demonic crawler
Aim: a moth of wrath (heavily wounded)
The bolt of negative energy hits the demonic crawler.
The demonic crawler completely resists.
The bolt of negative energy misses the steelbarb worm.
The bolt of negative energy hits the moth of wrath!!
The moth of wrath is drained!
You kill the moth of wrath!
The demonic crawler closely misses you. The demonic crawler barely misses you.
The demonic crawler hits you but does no damage.
The demonic crawler closely misses you. The demonic crawler misses you.
The demonic crawler hits you!
The moth of wrath goads the steelbarb worm on!
The steelbarb worm goes berserk!
The moth of wrath goads the steelbarb worm on!
The steelbarb worm goes berserk!
Really read
z - 11 scrolls of teleportation {@r3 !r}?
As you read the scroll of teleportation {@r3 !r}, it crumbles to dust.
You feel strangely unstable. The demonic crawler hits you.
The demonic crawler completely misses you.
The demonic crawler hits you!!
The steelbarb worm splashes around in the water.
Your molten gargoyle closely misses the steelbarb worm.
The demonic crawler hits you but does no damage.
The demonic crawler hits you! The demonic crawler misses you.
Okay, then.
Okay, then.
You draw... (choose one card, ? for their descriptions)
a - the Orb b - Pain
c - the Orb You have drawn the Orb.
Press: ? - help, Shift-Dir - straight line, f - steelbarb worm
Aim: a steelbarb worm (almost dead, berserk, ally target)
You carefully extract the barbed spikes from your body.
The steelbarb worm hits you but does no damage.
The steelbarb worm barely misses you. The demonic crawler hits you!
The demonic crawler closely misses you. The demonic crawler misses you.
The steelbarb worm splashes around in the water.
The steelbarb worm barely misses you.
Your molten gargoyle closely misses the steelbarb worm.
The wavering orb of destruction hits your molten gargoyle!!
You blow up your molten gargoyle!
Your molten gargoyle disappears in a puff of smoke!
The demonic crawler hits you!! The demonic crawler hits you! x2
The steelbarb worm hits you!!
* * * LOW HITPOINT WARNING * * *
Barbed spikes become lodged in your body.
The steelbarb worm attacks as it pursues you!
The steelbarb worm hits you!!
* * * LOW HITPOINT WARNING * * *
Barbed spikes become lodged in your body.
The demonic crawler hits you!
* * * LOW HITPOINT WARNING * * *
The demonic crawler hits you!
You die...
Your body disappears without additional glow.

, ,,
,,#....^# ,
#.#...# * ..
#.....# ,, ,
..~ #~~...#
,*
*#~~~#~~~..#
, ,
#~#~#~~#..#
,
*~~~~~~~y..#
*..~~~~Z~sw#
, *,
.~~~~~~§wS#
, ,
*##~~†#~§.#
* ~~~#~†††.#
, ,, * .~
#~~~.^# ** .
#.~~.## , ,
#.~~..
#.~~^.# , ,
#.~~..# *
***
***#.#~~.#


You could see 2 steelbarb worms, a demonic crawler (berserk), a moth of wrath
and a culicivora zombie.

Vanquished Creatures
  3 emperor scorpions (Spider:4)
  An ironbound preserver (D:13)
  2 entropy weavers
  Erolcha (D:13)
  A hydra (Lair:3)
  Erica (D:9)
  A merfolk avatar (Lair:5)
  A centaur warrior (D:8)
  A boulder beetle (Spider:2)
  A two-headed ogre (D:9)
  5 demonic crawlers
  3 orc high priests (Orc:2)
  A fire crab (Spider:3)
  5 skeletal warriors (D:12)
  2 skysharks
  6 pharaoh ants
  9 orb spiders
  A glowing orange brain (D:13)
  8 steelbarb worms
  A spectral wolf spider (Spider:4)
  5 orc knights (Orc:2)
  A deep elf pyromancer (D:13)
  A harpy (Lair:5)
  A wolf spider zombie (Spider:4)
  An ugly thing (D:13)
  A cyclops (shapeshifter) (Spider:2)
  Maurice (D:10)
  9 wolf spiders
  2 orc sorcerers (Orc:2)
  A will-o-the-wisp (Lair:3)
  2 manticores
  2 cyclopes (Orc:1)
  8 elephants
  3 black mambas
  2 kobold blastminers (Orc:2)
  A moth of wrath (Spider:4)
  Maggie (D:6)
  3 gargoyles
  3 torpor snails
  6 cane toads
  A spectral redback (Spider:4)
  A redback zombie (Spider:4)
  A kobold demonologist (D:13)
  11 komodo dragons
  An efreet (Spider:2)
  4 rime drakes
  A queen bee (D:10)
  4 trolls
  4 meliai (Spider:4)
  3 polar bears (Lair:5)
  2 wind drakes
  18 tarantellas
  8 hornets
  14 blink frogs
  6 dream sheep (Lair:3)
  2 snapping turtles (Lair:5)
  16 jumping spiders
  13 culicivoras
  A ynoxinul (Spider:2)
  A vampire (D:10)
  A human (Spider:1)
  A wraith (D:11)
  4 wyverns
  3 basilisks
  52 yaks
  5 vampire mosquitoes
  2 fire bats
  3 steam dragons
  35 redbacks
  2 wargs (Orc:2)
  A naga (Spider:2)
  16 water moccasins
  2 sky beasts
  2 ice beasts
  5 black bears
  17 orc warriors
  4 ogres
  A boggart (Spider:2)
  5 centaurs
  3 phantoms
  3 gnoll sergeants
  2 brain worms
  4 kobold brigands
  8 bullfrogs
  9 scorpions
  9 wights (D:8)
  28 killer bees
  5 howler monkeys
  An electric eel (Spider:2)
  2 jellies
  14 orc priests
  2 gnoll boudas
  A hound (D:6)
  A human zombie (Ossuary)
  5 iguanas
  3 scorpion zombies (Ossuary)
  A sleepcap (D:6)
  22 orc wizards
  4 hell rats (Lair:5)
  3 mummies (Ossuary)
  17 gnolls
  3 adders
  A river rat (D:5)
  A shadow imp (D:3)
  2 ufetubi (D:6)
  2 worms
  2 dart slugs
  62 orcs
  9 endoplasms
  3 giant cockroaches
  2 gnoll zombies (Ossuary)
  5 goblins
  5 hobgoblins
  7 jackals
  4 quokkas
  A ball python (Sewer)
  4 bats
  4 frilled lizards
  4 goblin zombies (Ossuary)
  A hobgoblin zombie (Ossuary)
  22 kobolds
  2 kobold zombies (Ossuary)
  8 orc zombies (Ossuary)
  11 rats
693 creatures vanquished.

Vanquished Creatures (collateral kills)
  The ghost of Farnir the Tortoise, a journeyman MiFi of Okawaru (Orc:2)
  A broodmother (Spider:4)
  An orc sorcerer (Orc:2)
  2 meliai (Spider:4)
  A spectral tarantella (Spider:4)
  A spectral culicivora (Spider:4)
  4 tarantellas (Spider:4)
  2 jumping spiders (Spider:4)
  2 culicivoras (Spider:4)
  4 redbacks (Spider:4)
  A killer bee (D:10)
  A kobold (D:9)
21 creatures vanquished.

Vanquished Creatures (others)
  A spark wasp (Spider:4)
  A culicivora (Spider:3)
  An orc priest (Orc:2)
  A kobold (D:9)
  4 foxfires (Lair:3)
8 creatures vanquished.

Grand Total: 722 creatures vanquished

Notes
Turn   | Place    | Note
-------+----------+-------------------------------------------
     0 | D:1      | EnegeticOcto the Meteoran Shapeshifter began the quest for
                  | the Orb.
     0 | D:1      | Reached XP level 1. HP: 16/16 MP: 2/2
   145 | D:1      | Reached skill level 4 in Unarmed Combat
   145 | D:1      | Reached XP level 2. HP: 13/23 MP: 3/3
   210 | D:1      | Reached XP level 3. HP: 28/28 MP: 4/4
   274 | D:2      | Reached skill level 2 in Fighting
   274 | D:2      | Reached skill level 4 in Shapeshifting
   318 | D:2      | Reached XP level 4. HP: 35/36 MP: 5/5
   414 | D:2      | Reached skill level 1 in Shields
   611 | D:3      | Found a sparkling altar of Nemelex Xobeh.
   628 | D:3      | Became a worshipper of Nemelex Xobeh the Trickster
   693 | D:3      | Found Ysilonn's Antique Armour Boutique.
   701 | D:3      | Noticed a black bear
   726 | D:3      | Killed a black bear
   727 | D:3      | Reached skill level 3 in Fighting
   727 | D:3      | Reached skill level 2 in Shields
   727 | D:3      | Reached XP level 5. HP: 10/45 MP: 6/6
   727 | D:3      | Reached XP level 6. HP: 11/51 MP: 7/7
   806 | D:3      | Reached skill level 4 in Fighting
   806 | D:3      | Reached skill level 5 in Shapeshifting
  1066 | D:4      | Found Ettein Ixuma's Jewellery Shop.
  1082 | D:4      | Reached skill level 1 in Short Blades
  1082 | D:4      | Reached XP level 7. HP: 57/59 MP: 8/8
  1200 | D:4      | Reached * piety under Nemelex Xobeh
  1287 | D:4      | Received a gift from Nemelex Xobeh
  1289 | D:4      | Found a sand-covered staircase.
  1343 | Ossuary  | Entered an ossuary
  1409 | Ossuary  | Reached skill level 1 in Invocations
  1422 | Ossuary  | Reached skill level 2 in Short Blades
  1514 | Ossuary  | Reached skill level 6 in Shapeshifting
  1541 | Ossuary  | Reached skill level 2 in Invocations
  1545 | Ossuary  | Reached skill level 5 in Fighting
  1545 | Ossuary  | Reached XP level 8. HP: 61/68 MP: 10/10
  1576 | Ossuary  | Reached skill level 3 in Short Blades
  1635 | Ossuary  | Reached skill level 3 in Invocations
  1855 | Ossuary  | Glimpsed the power of Zot.
  2008 | D:5      | Entered Level 5 of the Dungeon
  2048 | D:5      | Reached skill level 4 in Invocations
  2086 | D:5      | Gained mutation: You passively map the area around you.
                  | [Meteoran growth]
  2086 | D:5      | Reached XP level 9. HP: 29/75 MP: 13/13
  2098 | D:6      | Noticed Prince Ribbit
  2147 | D:5      | Found a glowing drain.
  2151 | Sewer    | Entered a sewer
  2221 | Sewer    | Reached ** piety under Nemelex Xobeh
  2252 | Sewer    | Reached skill level 6 in Fighting
  2252 | Sewer    | Reached skill level 7 in Shapeshifting
  2253 | Sewer    | Reached skill level 5 in Unarmed Combat
  2277 | Sewer    | Received a gift from Nemelex Xobeh
  2457 | D:5      | Reached skill level 5 in Invocations
  2571 | D:5      | Gained mutation: Armour fits poorly on your strangely
                  | shaped body. [potion of mutation]
  2572 | D:5      | Lost mutation: Armour fits poorly on your strangely shaped
                  | body. [potion of mutation]
  2572 | D:5      | Gained mutation: You possess an exceptional clarity of
                  | mind. [potion of mutation]
  2572 | D:5      | Gained mutation: You are partially covered in iridescent
                  | scales. (AC +2) [potion of mutation]
  2572 | D:5      | Gained mutation: Your flesh is cold resistant. (rC+)
                  | [potion of mutation]
  2625 | D:5      | Found Ruosid's Jewellery Shop.
  2667 | D:5      | Reached skill level 6 in Unarmed Combat
  2749 | D:6      | Reached skill level 7 in Fighting
  2770 | D:6      | Noticed Maggie
  2776 | D:6      | Reached skill level 8 in Shapeshifting
  2783 | D:6      | Killed Maggie
  2796 | D:6      | Reached skill level 7 in Unarmed Combat
  2796 | D:6      | Reached XP level 10. HP: 63/88 MP: 14/14
  2944 | D:6      | Reached skill level 8 in Fighting
  3061 | D:6      | Found an ancient bone altar of Kikubaaqudgha.
  3131 | D:7      | Reached skill level 9 in Shapeshifting
  3140 | D:7      | Reached skill level 8 in Unarmed Combat
  3565 | D:8      | Reached skill level 9 in Fighting
  3595 | D:8      | Reached skill level 9 in Unarmed Combat
  3599 | D:8      | Reached skill level 10 in Shapeshifting
  3599 | D:8      | Reached XP level 11. HP: 65/97 MP: 15/15
  3658 | D:8      | Noticed a centaur warrior
  3666 | D:8      | Killed a centaur warrior
  3667 | D:8      | Reached skill level 3 in Dodging
  3674 | D:8      | Learned a level 2 spell: Blink
  3679 | D:8      | Learned a level 4 spell: Vhi's Electric Charge
  3736 | D:8      | Identified a scroll of acquirement
  3736 | D:8      | Acquired 841 gold pieces
  3789 | D:8      | Reached *** piety under Nemelex Xobeh
  3819 | D:8      | Reached skill level 6 in Invocations
  3890 | D:9      | Noticed an elephant
  3913 | D:8      | Killed an elephant
  3914 | D:8      | Reached skill level 10 in Fighting
  3914 | D:8      | Reached skill level 4 in Dodging
  3914 | D:8      | Reached skill level 10 in Unarmed Combat
  3925 | D:9      | Found a staircase to the Lair.
  3971 | D:9      | Noticed Erica
  3986 | D:9      | Killed Erica
  3987 | D:9      | Reached skill level 5 in Dodging
  3987 | D:9      | Reached skill level 7 in Invocations
  3993 | D:9      | Noticed a two-headed ogre
  4137 | D:9      | Noticed a two-headed ogre
  4151 | D:9      | Killed a two-headed ogre
  4207 | D:9      | Received a gift from Nemelex Xobeh
  4227 | D:9      | Reached skill level 11 in Unarmed Combat
  4283 | D:9      | a two-headed ogre changed into a black bear
  4294 | D:9      | Reached skill level 6 in Dodging
  4470 | D:5      | Bought the amulet of Vitality {RegenMP++ Regen++} for 1200
                  | gold pieces
  4470 | D:5      | Found the amulet of Vitality {RegenMP++ Regen++}
  4534 | D:10     | Entered Level 10 of the Dungeon
  4560 | D:10     | Reached XP level 12. HP: 68/106 MP: 18/18
  4632 | D:10     | Received a gift from Nemelex Xobeh
  4699 | D:10     | Reached skill level 7 in Dodging
  4705 | D:10     | Reached skill level 3 in Shields
  4889 | D:10     | Found a runed translucent door.
  4890 | D:10     | Found a runed translucent door.
  4904 | D:10     | Noticed Maurice
  4911 | D:10     | Reached skill level 12 in Unarmed Combat
  4918 | D:10     | Killed Maurice
  4935 | D:10     | Reached skill level 4 in Shields
  5113 | D:11     | Reached **** piety under Nemelex Xobeh
  5124 | D:11     | Reached skill level 8 in Dodging
  5206 | D:11     | Found Raidgh's Magic Scroll Boutique.
  5214 | D:11     | Bought a scroll of poison for 56 gold pieces
  5226 | D:11     | Reached skill level 1 in Air Magic
  5235 | D:11     | Reached skill level 1 in Spellcasting
  5235 | D:11     | Reached skill level 1 in Translocations
  5276 | D:11     | Received a gift from Nemelex Xobeh
  5423 | D:12     | Noticed a skeletal warrior
  5424 | D:12     | Found a staircase to the Orcish Mines.
  5424 | D:12     | Noticed a skeletal warrior
  5425 | D:12     | Noticed a skeletal warrior
  5427 | D:12     | Noticed a skeletal warrior
  5427 | D:12     | Noticed a skeletal warrior
  5428 | D:12     | Killed a skeletal warrior
  5429 | D:12     | Reached skill level 2 in Spellcasting
  5429 | D:12     | Reached skill level 2 in Translocations
  5429 | D:12     | Reached skill level 2 in Air Magic
  5429 | D:12     | Killed a skeletal warrior
  5438 | D:12     | Killed a skeletal warrior
  5438 | D:12     | Killed a skeletal warrior
  5438 | D:12     | Killed a skeletal warrior
  5439 | D:12     | Reached skill level 13 in Unarmed Combat
  5439 | D:12     | Reached skill level 3 in Spellcasting
  5439 | D:12     | Reached skill level 4 in Translocations
  5439 | D:12     | Reached skill level 4 in Air Magic
  5439 | D:12     | Reached XP level 13. HP: 104/113 MP: 19/19
  5463 | D:12     | Found Ixuxt's Armour Shoppe.
  5585 | D:12     | Learned a level 2 spell: Lesser Beckoning
  5663 | D:12     | Reached skill level 5 in Air Magic
  5688 | D:12     | Reached skill level 5 in Translocations
  5781 | D:13     | Noticed Erolcha
  5791 | D:13     | Killed Erolcha
  5811 | D:13     | Reached skill level 6 in Air Magic
  5852 | D:13     | Noticed a centaur warrior
  5852 | D:13     | Noticed Zesuymiq's ghost (journeyman DrSh)
  5853 | D:13     | Found a transporter.
  5853 | D:13     | Noticed a frost giant
  5854 | D:13     | Noticed a centaur warrior
  5854 | D:13     | Noticed an ice dragon
  5862 | D:13     | Reached skill level 6 in Translocations
  5863 | D:13     | Noticed a fire giant
  5974 | D:13     | Noticed an ironbound preserver
  5992 | D:13     | Killed an ironbound preserver
  5993 | D:13     | Reached skill level 7 in Translocations
  5993 | D:13     | Reached skill level 7 in Air Magic
  5997 | D:13     | Found a gate to the Vaults.
  6134 | Orc:1    | Entered Level 1 of the Orcish Mines
  6161 | Orc:1    | Received a gift from Nemelex Xobeh
  6264 | Orc:1    | Reached ***** piety under Nemelex Xobeh
  6301 | Orc:2    | Entered Level 2 of the Orcish Mines
  6345 | Orc:2    | Reached skill level 1 in Armour
  6440 | Orc:2    | Reached skill level 2 in Armour
  6440 | Orc:2    | Reached skill level 8 in Air Magic
  6469 | Orc:2    | Found Qamouni's Antique Armour Shop.
  6471 | Orc:2    | Received a gift from Nemelex Xobeh
  6491 | Orc:2    | Found a runed translucent door.
  6491 | Orc:2    | Noticed Farnir's ghost (journeyman MiFi)
  6499 | Orc:2    | Reached skill level 8 in Translocations
  6551 | Orc:2    | Killed Farnir's ghost
  6552 | Orc:2    | Reached skill level 8 in Invocations
  6667 | Orc:2    | Found a staircase to the Elven Halls.
  6820 | Orc:2    | Reached skill level 3 in Armour
  6869 | Orc:2    | Reached XP level 14. HP: 105/122 MP: 21/21
  6879 | Orc:2    | Reached skill level 4 in Armour
  6894 | Orc:2    | Reached skill level 11 in Fighting
  6894 | Orc:2    | Reached skill level 9 in Invocations
  6944 | Orc:2    | Found Eqell's Book Boutique.
  6944 | Orc:2    | Found Kuch's Magic Scroll Shoppe.
  6946 | Orc:2    | Found Kuxtujy's Magic Scroll Boutique.
  6946 | Orc:2    | Found Buanko's Book Shoppe.
  6960 | Orc:2    | Bought a scroll of blinking for 112 gold pieces
  7175 | D:11     | Bought a scroll of acquirement for 728 gold pieces
  7175 | D:11     | Acquired 732 gold pieces
  7301 | D:5      | Found a staircase to the Ecumenical Temple.
  7354 | D:4      | Bought a serpent talisman for 420 gold pieces
  7480 | Lair:1   | Entered Level 1 of the Lair of Beasts
  7486 | Lair:1   | Received a gift from Nemelex Xobeh
  7689 | Lair:1   | Received a gift from Nemelex Xobeh
  7739 | Lair:2   | Reached skill level 10 in Invocations
  7739 | Lair:2   | Reached skill level 1 in Evocations
  7873 | Lair:3   | Received a gift from Nemelex Xobeh
  7884 | Lair:2   | Found a hole to the Spider Nest.
  8028 | Lair:3   | Found a staircase to the Swamp.
  8050 | Lair:3   | Reached skill level 2 in Evocations
  8221 | Lair:5   | Entered Level 5 of the Lair of Beasts
  8221 | Lair:5   | Received a gift from Nemelex Xobeh
  8221 | Lair:5   | Reached ****** piety under Nemelex Xobeh
  8254 | Lair:5   | Reached skill level 4 in Spellcasting
  8254 | Lair:5   | Reached skill level 3 in Evocations
  8347 | Lair:5   | Reached skill level 12 in Fighting
  8412 | Lair:5   | Reached XP level 15. HP: 71/132 MP: 24/24
  8452 | Lair:5   | Reached skill level 4 in Evocations
  8507 | Lair:5   | Reached skill level 11 in Invocations
  8510 | Lair:5   | Reached skill level 5 in Spellcasting
  8523 | Lair:5   | Reached skill level 11 in Shapeshifting
  8534 | Lair:5   | Learned a level 1 spell: Apportation
  8539 | Lair:5   | Learned a level 4 spell: Passage of Golubria
  8545 | Lair:5   | Learned a level 5 spell: Silence
  8545 | Lair:5   | Found a runed translucent gate.
  8551 | Lair:5   | Found a runed translucent gate.
  8552 | Lair:5   | Found a runed translucent gate.
  8553 | Lair:5   | Noticed nitefall's ghost (journeyman MiBe)
  8581 | Lair:5   | Found the +8 trident of the Octopus King {venom, rElec
                  | rPois}
  8715 | Lair:5   | Received a gift from Nemelex Xobeh
  8794 | Lair:4   | Received a gift from Nemelex Xobeh
  9290 | Lair:2   | Reached skill level 14 in Unarmed Combat
  9297 | Lair:2   | Reached skill level 5 in Evocations
  9353 | Lair:2   | Received a gift from Nemelex Xobeh
  9444 | Spider:1 | Entered Level 1 of the Spider Nest
  9461 | Spider:1 | Reached skill level 6 in Spellcasting
  9698 | Spider:1 | Reached skill level 9 in Translocations
  9778 | Spider:1 | Reached skill level 9 in Air Magic
  9835 | Spider:1 | Reached XP level 16. HP: 77/141 MP: 26/26
  9856 | Spider:2 | Reached skill level 12 in Invocations
  9892 | Spider:1 | Received a gift from Nemelex Xobeh
 10125 | Spider:1 | Reached skill level 13 in Fighting
 10238 | Spider:2 | Reached skill level 12 in Shapeshifting
 10357 | Spider:2 | Found a frozen archway.
 10387 | Spider:2 | Reached skill level 9 in Dodging
 10393 | Spider:2 | Received a gift from Nemelex Xobeh
 10480 | Spider:4 | Entered Level 4 of the Spider Nest
 10495 | Spider:3 | Reached skill level 10 in Translocations
 10514 | Spider:3 | Reached skill level 10 in Air Magic
 10557 | Spider:4 | Identified the +1 long sword of Impeachment {flame, rN+
                  | Int+4}
 10557 | Spider:4 | Noticed an emperor scorpion
 10608 | Spider:3 | Reached skill level 15 in Unarmed Combat
 10700 | Spider:4 | Noticed an emperor scorpion
 10751 | Spider:4 | Killed an emperor scorpion
 10752 | Spider:4 | Reached skill level 13 in Invocations
 10796 | Spider:4 | Reached XP level 17. HP: 117/149 MP: 27/27
 10832 | Spider:3 | Identified the +0 leather armour of Rotation {Str+2}
 10837 | Spider:3 | Received a gift from Nemelex Xobeh
 11003 | Spider:4 | Reached skill level 10 in Dodging
 11136 | Spider:4 | Reached skill level 13 in Shapeshifting
 11197 | Spider:4 | HP: 9/180 [demonic crawler (11)]
 11197 | Spider:4 | Mangled by a demonic crawler

Illustrated notes

Levels and vault maps discovered:
D:1:      dpeg_arrival_short_road, layout_basic, minmay_cut_off
D:2:      layout_basic
D:3:      layout_basic, nemelex_dance_club_becter, serial_shops,
          nicolae_shop_waterfront, st_stairs_7
D:4:      layout_loops_corners, serial_shops, shop,
          nicolae_ossuary_entry_monument
D:5:      layout_loops_ring, minmay_temple_entry_gardened_gates,
          gup_sewer_entry_bowl, serial_shops, nicolae_lakefront_shop,
          lightli_minifort
D:6:      layout_rooms, nicolae_overflow_hallway_of_the_gods,
          gammafunk_ghost_smash, minmay_starry_boxes, uniq_prince_ribbit1,
          uniq_maggie
D:7:      layout_loops_ring, serial_shops, nicolae_shop_tiny_glass
D:8:      layout_basic, minmay_evil_grid
D:9:      layout_rooms, david_lair_generic, minmay_statues_item, hex_tiny,
          uniq_erica
D:10:     lemuel_insect_pit, layout_loops_ring, minivault_7, uniq_maurice
D:11:     lemuel_flame_loot_2, layout_basic, serial_shops,
          nicolae_shop_advertising_works [nicolae_subvault_shop_adworks]
D:12:     layout_roguey, orc_david_3, special_room [special_room_orc],
          kennysheep_cross_bottleneck
D:13:     layout_stronghold, hellmonk_vaults_order_and_chaos,
          gammafunk_ghost_arena, serial_park_tiny_pond,
          nicolae_hepliaklqana_monster_ancestors, uniq_erolcha
Lair:1:   layout_gridlike, grunt_megastairs_1
Lair:2:   layout_regular_city, spider_nest_entry_web_field
Lair:3:   layout_layer_cave, minmay_swamp_entry_wisps, grunt_megastairs_5
Lair:4:   layout_small_grid, minmay_slime_entry_oklob_enclosed,
          chequers_serial_rivers_large_b
Lair:5:   gammafunk_lair_ancient_temple, layout_loops_ring,
          gammafunk_ghost_necromancy
Spider:1: layout_chambers
Spider:2: layout_spider_delve, portal_ice_cave_entry_pillars_1
Spider:3: layout_chambers, uniq_kirke
Spider:4: floodkiller_spider_rune_tomb, spiders_nest_hornet_nest, uniq_arachne,
          uniq_louise
Orc:1:    layout_caves, basic_altar, hellmonk_guarded_unrand_dark_maul
Orc:2:    grunt_orc_tribal_feast, layout_caves, serial_shops, shop,
          hellmonk_ghost_happy_afterlife

Skill      XL: |  1  2  3  4  5  6  7  8  9 10 11 12 13 14 15 16 17 |
---------------+----------------------------------------------------+-----
Unarmed Combat | 4 7 9 11 13 14 15 | 15.7
Fighting       | 2 3 4 5 7 9 10 12 13 | 13.6
Shapeshifting  | 4 5 6 8 10 11 12 13 | 13.1
Shields        | 2 4 |  4.0
Short Blades   | 1 2 3 |  3.5
Invocations    | 2 4 5 7 8 10 11 13 | 13.0
Dodging        | 6 8 9 10 | 10.3
Air Magic      | 4 8 9 10 | 10.0
Spellcasting   | 3 4 6 |  6.0
Translocations | 4 8 9 10 | 10.0
Armour         | 3 4 |  4.0
Evocations     | 3 5 |  5.0

Action                     |  1- 3 |  4- 6 |  7- 9 | 10-12 | 13-15 | 16-18 || total
---------------------------+-------+-------+-------+-------+-------+-------++-------
  Melee: Unarmed           |    21 |       |    83 |   393 |   867 |   289 ||  1653
         Dagger            |    37 |   143 |   282 |   231 |       |       ||   693
         Constrict         |       |       |       |       |   112 |    75 ||   187
   Cast: Blink             |       |       |       |       |     5 |    10 ||    15
         Vhi's Electric Ch |       |       |       |       |    44 |    37 ||    81
         Apportation       |       |       |       |       |       |     1 ||     1
 Invoke: Draw Destruction  |       |       |       |    12 |    11 |     8 ||    31
         Draw Summoning    |       |       |       |     2 |     3 |     3 ||     8
         Draw Escape       |       |       |       |       |     1 |       ||     1
         Deal Four         |       |       |       |       |       |     4 ||     4
         Draw Stack        |       |       |       |       |       |     2 ||     2
         Stack Five        |       |       |       |       |       |     1 ||     1
         Triple Draw       |       |       |       |       |       |     1 ||     1
  Evoke: Wand              |       |       |    13 |    11 |    16 |    12 ||    52
         Lightning rod     |       |       |       |       |     4 |     4 ||     8
    Use: Scroll            |     1 |     1 |     8 |     4 |     7 |     7 ||    28
         Potion            |     1 |       |     5 |     1 |     3 |       ||    10
   Stab: Distracted        |       |       |       |     1 |     3 |       ||     4
         Petrified         |       |       |       |       |     5 |       ||     5
         Petrifying        |       |       |       |       |     1 |       ||     1
 Armour: Skin              |     7 |       |       |       |   331 |   308 ||   646
         Animal skin       |    18 |    19 |       |       |       |       ||    37
         Chain mail        |       |    80 |   210 |    31 |       |       ||   321
         Acid dragon scale |       |       |       |   298 |    44 |       ||   342
         Plate armour      |       |       |       |       |   149 |       ||   149
  Dodge: Dodged            |    18 |    57 |    66 |   325 |   384 |   275 ||  1125
  Block: Buckler           |    12 |    65 |    88 |   226 |    93 |       ||   484
   Form: Serpent           |       |       |       |       |     1 |       ||     1

Table legend: (Time is in decaauts)
 A = Elapsed time spent in this place.
 B = Non-inter-level travel time spent in this place.
 C = Inter-level travel time spent in this place.
 D = Time resting spent in this place.
 E = Time spent auto-exploring this place.
 F = Levels seen in this place.
 G = Mean time per level.
                   A        B        C        D        E       F      G
               +--------+--------+--------+--------+--------+-----+--------+
         Total |  10854 |  10033 |    821 |    171 |     37 |  26 |  417.5 |
       Dungeon |   5652 |   4956 |    696 |     15 |     37 |  13 |  434.8 |
          Lair |   1871 |   1798 |     73 |      0 |      0 |   5 |  374.2 |
   Spider Nest |   1682 |   1637 |     45 |     56 |      0 |   4 |  420.5 |
  Orcish Mines |    911 |    906 |      5 |      0 |      0 |   2 |  455.5 |
         Sewer |    226 |    226 |      0 |      0 |      0 |   1 |  226.0 |
       Ossuary |    509 |    509 |      0 |    100 |      0 |   1 |  509.0 |
               +--------+--------+--------+--------+--------+-----+--------+

Top non-repeatable levels by time:
Spider:1: 719 daAuts
   Orc:2: 689 daAuts
     D:5: 590 daAuts
    D:10: 569 daAuts
     D:8: 565 daAuts
     D:3: 530 daAuts
     D:4: 522 daAuts
 Ossuary: 509 daAuts
    D:12: 502 daAuts
  Lair:5: 473 daAuts
  Lair:3: 468 daAuts
     D:7: 430 daAuts
     D:9: 427 daAuts
     D:6: 390 daAuts
  Lair:2: 379 daAuts

Table legend:
 A = Kills in this place as a percentage of kills in the entire game.
 B = Kills by you in this place as a percentage of kills by you in the entire game.
 C = Kills by friends in this place as a percentage of kills by friends in the entire game.
 D = Other kills in this place as a percentage of other kills in the entire game.
 E = Experience gained in this place as a percentage of experience gained in the entire game.
 F = Experience gained in this place divided by the number of levels of this place that you have seen.
                   A       B       C       D       E      F
               +-------+-------+-------+-------+-------+----------------------
         Total | 100.0 | 100.0 | 100.0 | 100.0 | 100.0 | 5592.2
       Dungeon |  39.5 |  40.5 |   9.5 |   0.0 |  20.0 | 2234.9
          Lair |  17.7 |  18.3 |   0.0 |   0.0 |  24.4 | 7100.0
   Spider Nest |  25.4 |  23.7 |  81.0 |  50.0 |  45.8 | 16648.0
  Orcish Mines |   9.9 |   9.8 |   9.5 |  50.0 |   9.1 | 6611.5
         Sewer |   3.1 |   3.2 |   0.0 |   0.0 |   0.2 | 226.0
       Ossuary |   4.3 |   4.5 |   0.0 |   0.0 |   0.6 | 801.0
               +-------+-------+-------+-------+-------+----------------------
